 Dungeon Crawl Stone Soup version 0.30.0-7-g0c4daa9e05 (webtiles) character file.

Game seed: 15259739608223686245

103 Annannith the Covered (level 4, -2/40 HPs)
             Began as an Armataur Fighter on May 13, 2023.
             Killed from afar by Sigmund (16 damage)
             ... with a bolt of light
             ... on level 2 of the Dungeon.
             The game lasted 00:05:06 (1203 turns).

Annannith the Covered (Armataur Fighter)            Turns: 1203, Time: 00:05:07

Health: -2/40      AC:  7    Str: 23    XL:     4   Next: 51%
Magic:  4/4        EV:  7    Int:  9    God:
Gold:   105        SH:  0    Dex:  9    Spells: 3/3 levels left

rFire   . . .        a - +0 flail
rCold   . . .        c - +0 buckler
rNeg    . . .        b - +0 scale mail
rPois   .            (no helmet)
rElec   .            (no cloak)
rCorr   .            (no gloves)
SInv    .            (no barding)
Will    .....        (no amulet) Stlth
                     (no ring)
HPRegen 0.26/turn    (no ring)
MPRegen 0.09/turn

%: roll
@: confused
A: large, rugged brown scales 3, deformed body, armoured tail, roll, long
tongue, awkward tongue
a: no special abilities


You were on level 2 of the Dungeon.
You visited 1 branch of the dungeon, and saw 2 of its levels.

You collected 105 gold pieces.

Inventory:

Hand Weapons
 a - a +0 flail (weapon)
Armour
 b - a +0 scale mail (worn)
 c - a +0 buckler (worn)
 h - a +0 plate armour
Jewellery
 f - a ring of ice
Scrolls
 e - a scroll of identify
 i - a scroll of blinking
Potions
 d - 4 potions of might
 k - a potion of flight
 n - a potion of heal wounds


   Skills:
 + Level 3.2 Fighting
 + Level 3.1 Maces & Flails
 + Level 4.3 Armour
 + Level 0.1 Dodging
 + Level 0.1 Stealth
 + Level 3.7 Shields


You had 3 spell levels left.
You didn't know any spells.
Your spell library was empty.

Dungeon Overview and Level Annotations

Branches:
Dungeon (2/15)

Altars:

Annotations:
D:2 Sigmund


Innate Abilities, Weirdness & Mutations

You are completely covered in rugged brown scales. (AC +3, +7% HP)
Armour fits poorly on your strangely shaped body.
You have a long armoured tail.
You roll when moving toward enemies. (Rampage)
Your long tongue fully drains potion bottles. (2x potion effects)
Your tongue gives you trouble enunciating. (1.5x scroll delay)


Message History

You kill the orc priest!
Your Maces & Flails skill increases to level 3!
Items here: ))))) [ †††.
Items here: ))))) [ †††.
HP restored.
You now have 90 gold pieces (gained 12).
There is a fountain of clear blue water here.
You now have 96 gold pieces (gained 6).
You now have 105 gold pieces (gained 9).
d - 4 potions of might (gained 1)
A giant cockroach comes into view.
You roll towards the giant cockroach!
You roll towards the giant cockroach!
You hit the giant cockroach.
The giant cockroach is severely wounded.
The giant cockroach bites you.
You hit the giant cockroach.
You kill the giant cockroach!
Sigmund the Dreaded comes into view.
He is wielding a +0 scythe and carrying a wand of light (7).
Sigmund moves out of view.
Sigmund points at you and mumbles some strange words.
The puff of flame hits you! Sigmund casts a spell at you.
You are confused.
You bump into the rock wall.
Sigmund zaps a wand.
The bolt of light hits you!
You are more confused.
You bump into the rock wall.
Sigmund hits you from afar with a +0 scythe.
An adder comes into view.
Found a leather armour.
The adder hisses angrily.
Sigmund flickers, as though insubstantial.
Sigmund gestures at you while chanting. The magic dart hits you!
Sigmund attacks as you move away! Sigmund hits you but does no damage.
You bump into the rock wall.
Sigmund points at you and mumbles some strange words.
You resist with some effort.
You bump into the rock wall.
Sigmund zaps a wand.
The bolt of light hits you!
You are more confused.
You die...

#).......###.#
#.#########..# #.#
#..)........## #.#
############# #.#
............# #.#
###########.#####.#
#.....#.#
#####.#.#######
#.@.@S.....
###.......[
#........ #.######.
#.# ..# ###


You could see Sigmund and an adder.

Vanquished Creatures
  An orc priest (D:2)
  An orc wizard (D:2)
  3 dart slugs (D:1)
  4 orcs (D:2)
  3 bats (D:1)
  5 endoplasms
  A giant cockroach (D:2)
  2 goblins (D:1)
  2 hobgoblins (D:1)
  A quokka (D:1)
  2 ball pythons (D:1)
  3 frilled lizards
  6 kobolds (D:1)
  6 rats (D:1)
40 creatures vanquished.

Notes
Turn   | Place    | Note
-------+----------+-------------------------------------------
     0 | D:1      | Annannith the Armataur Fighter began the quest for the Orb.
     0 | D:1      | Reached XP level 1. HP: 19/19 MP: 1/1
    69 | D:1      | Reached XP level 2. HP: 26/26 MP: 2/2
   197 | D:1      | Reached skill level 4 in Armour
   480 | D:1      | Reached XP level 3. HP: 32/33 MP: 3/3
  1106 | D:2      | Reached XP level 4. HP: 37/40 MP: 4/4
  1193 | D:2      | Noticed Sigmund
  1203 | D:2      | Killed from afar by Sigmund

Illustrated notes

Levels and vault maps discovered:
D:1:      erik_arrival_blinker_ship, layout_basic
D:2:      cheibrodos_pilgrimage, layout_basic, uniq_sigmund, uniq_jessica

Skill      XL: |  1  2  3  4 |
---------------+-------------+-----
Maces & Flails | 2 3 |  3.1
Armour         | 4 |  4.3
Fighting       | 3 |  3.2
Dodging        | |  0.1
Stealth        | |  0.1
Shields        | |  3.7

Action                     |  1- 3 |  4- 6 || total
---------------------------+-------+-------++-------
  Melee: Flail             |    92 |     8 ||   100
         Tailslap          |     8 |     3 ||    11
    Use: Scroll            |     7 |       ||     7
 Armour: Scale mail        |    49 |     3 ||    52
  Dodge: Dodged            |    21 |     1 ||    22
  Block: Buckler           |    19 |       ||    19
